 Dungeon Crawl Stone Soup version 0.22-a0-86-g94e0ad4 (webtiles) character file.

65778 KristoblXynda the Grappler (level 14, -7/135 HPs)
             Began as a White Draconian Transmuter on Jan 21, 2018.
             Was a High Priest of Dithmenos.
             Mangled by a death yak (13 damage)
             ... on level 5 of the Lair of Beasts.
             The game lasted 00:57:50 (31254 turns).

KristoblXynda the Grappler (DrTm)                  Turns: 31254, Time: 00:57:50

Health: -7/135     AC:  6    Str: 14    XL:     14   Next: 76%
Magic:  26/26      EV: 14    Int: 16    God:    Dithmenos [*****.]
Gold:   1025       SH:  0    Dex: 13    Spells: 15/29 levels left

rFire    x . .     SeeInvis .     - Unarmed
rCold    + + +     Gourm    .   (shield currently unavailable)
rNeg     . . .     Faith    .   (armour unavailable)
rPois    +         Spirit   .   (helmet currently unavailable)
rElec    .         Reflect  .   (cloak currently unavailable)
rCorr    .         Harm     .   (gloves currently unavailable)
MR       ++...                  (boots currently unavailable)
Stlth    +++++++...             (no amulet)
HPRegen  0.32/turn              q - ring of poison resistance
MPRegen  0.20/turn              b - +2 ring of evasion

@: about to teleport, ice-form, wreathed by umbra
A: large, (breathe frost), unfitting armour, magic resistance 1, AC +8
a: End Transformation, Shadow Step, Shadow Form, Renounce Religion


You were on level 5 of the Lair of Beasts.
You worshipped Dithmenos.
Dithmenos was extremely pleased with you.
You were not hungry.
You were a creature of crystalline ice.
You visited 3 branches of the dungeon, and saw 20 of its levels.
You also visited: Sewer and Bailey.

You collected 1123 gold pieces.
You spent 98 gold pieces at shops.

Inventory:

Armour
 c - a +2 shield
 e - a +2 pair of gloves (melded)
 h - a +2 pair of boots (melded)
 i - a +2 cloak (melded)
 D - a +2 hat (melded)
Jewellery
 b - a +2 ring of evasion (right front paw)
 q - a ring of poison resistance (left front paw)
 z - an uncursed ring of flight
Wands
 f - a wand of digging (10)
 x - a wand of paralysis (9)
 y - a wand of iceblast (22)
Scrolls
 g - 9 scrolls of remove curse
 l - 7 scrolls of teleportation
 m - a scroll of magic mapping
 r - a scroll of enchant armour
 s - 2 scrolls of identify
 u - 3 scrolls of fog
 A - 3 scrolls of amnesia
 B - a scroll of immolation
 E - 4 scrolls of silence
Potions
 a - 9 potions of curing
 d - 5 potions of agility
 k - 2 potions of invisibility
 n - 3 potions of haste
 o - 2 potions of brilliance
 p - 3 potions of mutation
 t - 5 potions of might
 v - 3 potions of magic
 w - a potion of flight
 G - 3 potions of lignification
Books
 C - a book of Death

   Spells                             Type                      Level
   a - Corpse Rot                     Necromancy                   2
   b - Sublimation of Blood           Necromancy                   2
   c - Agony                          Necromancy                   5
   d - Dispel Undead                  Necromancy                   5
   e - Excruciating Wounds            Charms/Necromancy            5
   f - Bolt of Draining               Conjuration/Necromancy       5
Comestibles
 j - 12 rations


   Skills:
 + Level 7.6 Fighting
 + Level 5.7 Dodging
 - Level 10.0 Stealth
 + Level 10.7 Unarmed Combat
 - Level 8.4 Spellcasting
 + Level 1.4 Hexes
 - Level 1.6 Summonings
 - Level 10.4 Transmutations
 - Level 10.1 Invocations
 - Level 10.0 Evocations


You had 15 spell levels left.
You knew the following spells:

 Your Spells              Type           Power        Failure   Level  Hunger
b - Spider Form           Tmut/Pois      ###.......   3%          3    #......
c - Summon Lightning Spi  Summ/Air       #.......     58%         4    ###....
d - Tukima's Dance        Hex            ##......     19%         3    #......
e - Ice Form              Ice/Tmut       ###.....     12%         4    ###....


Dungeon Overview and Level Annotations

Branches:
Dungeon (14/15)            Temple (1/1) D:6            Lair (5/6) D:11
 Shoals (0/4) Lair:2        Snake (0/4) Lair:4        Slime (0/5) Lair:5
    Orc (0/2) D:10         Vaults (0/5) D:13

Altars:
Ashenzari
Cheibriados
Dithmenos
Elyvilon
Fedhas
Gozag
Hepliaklqana
Kikubaaqudgha
Makhleb
Nemelex Xobeh
Okawaru
Qazlal
Ru
Sif Muna
Trog
Uskayaw
Vehumet
Wu Jian
Xom
Yredelemnul
Zin
The Shining One
Beogh

Shops:
D:6 !   D:8 (

Annotations:
D:6 2 runed doors
D:12 Paulus's ghost, journeyman GrFi


Innate Abilities, Weirdness & Mutations

((You can breathe waves of freezing cold.))
((You can buffet flying creatures when you breathe cold.))
((Your icy white scales are hard. (AC +8)))
You cannot fit into any form of body armour.
((Your flesh is cold resistant. (rC+)))
((You are cold-blooded and may be slowed by cold attacks.))
((You have sharp fingernails.))
((You have very sharp teeth.))
You are resistant to hostile enchantments. (MR+)
((You are resistant to electric shocks. (rElec)))


Message History

The death yak is lightly wounded.
The death yak gores you!!
The death yak gores the plant.
You completely miss the death yak.
The death yak is lightly wounded.
The death yak barely misses you.
The death yak gores the plant!
The death yak gores the fungus!
The death yak gores the plant!
The death yak gores you! The death yak gores you! The death yak gores you!
The death yak gores you!!
* * * LOW HITPOINT WARNING * * *
The death yak gores you!
* * * LOW HITPOINT WARNING * * *
The death yak closely misses you.
Unknown command.
Okay, then.
As you read the scroll of teleportation, it crumbles to dust.
You feel strangely unstable. The death yak gores you!
You die...

# #...........##......#
#).......P....†......#
###...........P##....##
##P..........YP......#
###..........P..#....#
##.............##....#
#P.....##.P#####.....###
##.....##### #YY.....#
##....# ### ##Y.Y...##
#.....###..##..#Y...##
#......#..#..##.....#
#...................#
#...................#
##..................P#
#....................P#
##........#..P.P.....##
##.......####..#


You could see 4 death yaks.

Vanquished Creatures
  Snorg (Lair:4)
  7 vault guards (D:13)
  2 hydras
  A rakshasa (D:13)
  Erolcha (D:12)
  Erica (D:10)
  2 centaur warriors (D:14)
  3 death yaks
  5 two-headed ogres
  2 unseen horrors
  An orc knight (Bailey)
  A moth of wrath (shapeshifter) (D:13)
  3 ugly things
  A manticore (D:13)
  2 black mambas
  The ghost of junb69 the Skirmisher, a novice DsGl (D:4)
  A rime drake (Lair:1)
  9 spiny frogs
  2 komodo dragons
  A harpy zombie (D:12)
  4 trolls
  A hornet (D:9)
  A polar bear (Lair:3)
  Grinder (Sewer)
  5 blink frogs
  3 hippogriffs
  A spriggan (D:7)
  2 shadows (D:13)
  53 yaks
  The ghost of Paulus the Chopper, an amateur MiCK of Xom (D:3)
  3 basilisks
  A steam dragon (D:9)
  A hungry ghost (D:10)
  5 soldier ants (D:6)
  2 nagas (Lair:4)
  7 water moccasins
  5 porcupines
  9 orc warriors
  2 sky beasts
  3 eyes of draining
  2 phantoms
  A black bear (D:11)
  5 ice beasts
  11 ogres
  6 wolves (Lair:4)
  10 centaurs
  8 crocodiles
  3 big kobolds
  8 bullfrogs
  2 wyvern skeletons
  3 scorpions
  12 killer bees
  7 wights
  An electric eel (Lair:2)
  9 crimson imps
  2 howler monkeys
  2 centaur zombies
  A quasit (Sewer)
  10 hounds
  6 jellies
  3 bullfrog skeletons
  2 centaur skeletons
  10 orc priests
  14 orc wizards
  Natasha (twice) (D:3)
  3 iguanas
  9 worker ants
  7 hell rats (Lair:1)
  5 big kobold zombies (Sewer)
  A hound skeleton (D:6)
  A worker ant zombie (D:5)
  17 gnolls
  12 adders
  9 shadow imps
  5 ufetubi (Sewer)
  4 oozes
  An adder zombie (D:8)
  An adder skeleton (D:8)
  4 worms
  3 dart slugs
  3 leopard geckos
  56 orcs
  9 bats
  5 giant cockroaches
  8 goblins
  16 hobgoblins
  4 jackals
  10 quokkas
  2 ball pythons
  8 frilled lizards
  A giant cockroach zombie (Sewer)
  A jackal skeleton (D:5)
  28 kobolds
  A kobold zombie (Sewer)
  A leopard gecko skeleton (D:4)
  A quokka zombie (D:9)
  9 rats
542 creatures vanquished.

Vanquished Creatures (others)
  An orc warrior (D:12)
  A bush (Lair:1)
  6 fungi
  2 plants (Lair:1)
10 creatures vanquished.

Grand Total: 552 creatures vanquished

Notes
Turn   | Place    | Note
-------+----------+-------------------------------------------
     0 | D:1      | KristoblXynda the Draconian Transmuter began the quest for the Orb.
     0 | D:1      | Reached XP level 1. HP: 16/16 MP: 3/3
   321 | D:1      | Reached XP level 2. HP: 23/23 MP: 5/5
   758 | D:1      | Reached XP level 3. HP: 27/28 MP: 6/6
   880 | D:1      | Learned a level 3 spell: Spider Form
  1550 | D:2      | Reached XP level 4. HP: 26/35 MP: 7/7
  2429 | D:3      | Noticed Natasha
  2440 | D:3      | Killed Natasha
  2782 | D:3      | Noticed Paulus's ghost (amateur MiCK)
  2790 | D:3      | Reached XP level 5. HP: 37/40 MP: 1/8
  2840 | D:3      | Killed Paulus's ghost
  2840 | D:3      | Reached skill level 5 in Unarmed Combat
  2840 | D:3      | Reached XP level 6. HP: 9/47 MP: 5/9
  3165 | D:3      | Noticed Natasha
  3170 | D:3      | Killed Natasha
  3297 | D:4      | Found a glowing drain.
  3312 | D:4      | Your scales start taking on an icy white colour.
  3312 | D:4      | Reached XP level 7. HP: 30/52 MP: 7/10
  3312 | D:4      | Gained mutation: Your flesh is cold resistant. (rC+) [White Draconian growth]
  3338 | Sewer    | Entered a sewer
  3999 | Sewer    | Found a burning altar of Makhleb.
  4013 | Sewer    | Reached skill level 5 in Transmutations
  4460 | Sewer    | Noticed Grinder
  4461 | Sewer    | Paralysed by Grinder for 3 turns
  4479 | Sewer    | Paralysed by Grinder for 2 turns
  4490 | Sewer    | Killed Grinder
  4490 | Sewer    | Reached XP level 8. HP: 25/59 MP: 11/11
  4867 | D:4      | Noticed junb69's ghost (novice DsGl)
  4905 | D:4      | Killed junb69's ghost
  5529 | D:5      | Entered Level 5 of the Dungeon
  5758 | D:5      | Found a bloodstained altar of Trog.
  5848 | D:5      | Reached XP level 9. HP: 39/64 MP: 12/12
  7062 | D:6      | Learned a level 4 spell: Summon Lightning Spire
  7147 | D:6      | Found a staircase to the Ecumenical Temple.
  7208 | Temple   | Entered the Ecumenical Temple
  7410 | Temple   | Became a worshipper of Dithmenos the Shadowed
  7456 | D:6      | Found a runed door.
  7462 | D:6      | Found a runed gate.
  7469 | D:6      | Found a runed gate.
  7469 | D:6      | Found a runed gate.
  7477 | D:6      | Found a runed door.
  7488 | D:6      | Found the +9 staff of Olgreb {rPois}
  7529 | D:6      | Found Lestrime's Distillery.
  7553 | D:6      | Bought a potion of might for 56 gold pieces
  7553 | D:6      | Bought a potion of lignification for 42 gold pieces
  7852 | D:6      | Reached skill level 10 in Unarmed Combat
  8095 | D:6      | Reached skill level 5 in Dodging
  8262 | D:7      | Reached * piety under Dithmenos
  8510 | D:7      | Reached XP level 10. HP: 59/72 MP: 13/13
  8846 | D:7      | Reached skill level 1 in Invocations
  9599 | D:8      | Noticed a two-headed ogre
  9621 | D:8      | Killed a two-headed ogre
  9768 | D:8      | Found Quydari's Antique Weapon Emporium.
 10370 | D:8      | Noticed a two-headed ogre
 10394 | D:8      | Killed a two-headed ogre
 10699 | D:9      | Noticed a two-headed ogre
 10725 | D:9      | Killed a two-headed ogre
 10725 | D:9      | Reached skill level 5 in Fighting
 10725 | D:9      | Reached skill level 5 in Invocations
 10986 | D:9      | Reached skill level 10 in Transmutations
 11058 | D:9      | Reached skill level 1 in Stealth
 11058 | D:9      | Reached skill level 1 in Evocations
 11845 | D:9      | Paralysed by a hornet for 1 turns
 11849 | D:9      | Reached XP level 11. HP: 57/88 MP: 11/14
 12075 | D:9      | Reached ** piety under Dithmenos
 12969 | D:9      | Found a roughly hewn altar of Beogh.
 13221 | D:10     | Entered Level 10 of the Dungeon
 13221 | D:10     | Noticed Erica
 13234 | D:10     | Killed Erica
 13266 | D:10     | Found a flagged portal.
 13285 | Bailey   | Entered a bailey
 13393 | Bailey   | Reached *** piety under Dithmenos
 13409 | Bailey   | Noticed an orc knight
 13783 | Bailey   | Killed an orc knight
 14443 | D:10     | Found a staircase to the Orcish Mines.
 14712 | D:10     | Noticed a two-headed ogre
 14725 | D:10     | Killed a two-headed ogre
 14967 | D:10     | Gained mutation: Your natural rate of healing is unusually fast. [potion of mutation]
 14967 | D:10     | Gained mutation: You are robust. (+10% HP) [potion of mutation]
 14967 | D:10     | Gained mutation: Your magical capacity is low. (-10% MP) [potion of mutation]
 14967 | D:10     | Gained mutation: You are agile. (Dex +2) [potion of mutation]
 14968 | D:10     | Lost mutation: You are agile. (Dex +2) [potion of mutation]
 14968 | D:10     | Lost mutation: Your natural rate of healing is unusually fast. [potion of mutation]
 14968 | D:10     | Lost mutation: Your magical capacity is low. (-10% MP) [potion of mutation]
 14968 | D:10     | Gained mutation: Your body sometimes deteriorates upon taking damage. [potion of mutation]
 14968 | D:10     | Gained mutation: You passively map a small area around you. [potion of mutation]
 14968 | D:10     | Gained mutation: You have large cloven feet. [potion of mutation]
 14996 | D:11     | Noticed a cyan ugly thing
 15011 | D:11     | Reached **** piety under Dithmenos
 15047 | D:11     | Killed a cyan ugly thing
 15346 | D:11     | Found a staircase to the Lair.
 15346 | D:11     | Noticed a death yak
 15742 | D:11     | Reached skill level 5 in Stealth
 15742 | D:11     | Reached skill level 5 in Evocations
 16171 | D:11     | Noticed a red ugly thing
 16192 | D:11     | Killed a white ugly thing
 16838 | D:11     | Reached XP level 12. HP: 93/103 MP: 11/18
 16878 | D:11     | Lost mutation: You are robust. (+10% HP) [potion of mutation]
 16878 | D:11     | Lost mutation: Your body sometimes deteriorates upon taking damage. [potion of mutation]
 16878 | D:11     | Lost mutation: You passively map a small area around you. [potion of mutation]
 16878 | D:11     | Lost mutation: You have large cloven feet. [potion of mutation]
 16878 | D:11     | Gained mutation: You have sharp fingernails. [potion of mutation]
 16878 | D:11     | Gained mutation: You are resistant to hostile enchantments. (MR+) [potion of mutation]
 16878 | D:11     | Gained mutation: You evolve. [potion of mutation]
 16878 | D:11     | Gained mutation: You are resistant to electric shocks. (rElec) [potion of mutation]
 16929 | D:11     | Noticed a death yak
 16966 | D:11     | Killed a death yak
 17283 | D:11     | Noticed a death yak
 17284 | D:11     | Noticed a death yak
 17316 | D:11     | Noticed a death yak
 17338 | D:11     | Noticed a death yak
 17479 | Lair:1   | Entered Level 1 of the Lair of Beasts
 17508 | Lair:1   | Learned a level 3 spell: Tukima's Dance
 17546 | D:12     | Killed a death yak
 17565 | D:12     | Noticed Paulus's ghost (journeyman GrFi)
 17591 | D:12     | Noticed a two-headed ogre
 17969 | D:12     | Noticed Erolcha
 17988 | D:12     | Killed Erolcha
 17988 | D:12     | Reached skill level 5 in Spellcasting
 17990 | D:12     | Killed a two-headed ogre
 18302 | D:12     | Gained mutation: You possess an exceptional clarity of mind. [evolution]
 20111 | D:13     | Reached ***** piety under Dithmenos
 20601 | D:13     | Noticed a rakshasa
 20646 | D:13     | Noticed a vault guard
 20646 | D:13     | Noticed a vault guard
 20768 | D:13     | Killed a rakshasa
 21330 | D:13     | Found a gate to the Vaults.
 21330 | D:13     | Noticed a vault guard
 21330 | D:13     | Noticed a vault guard
 21330 | D:13     | Noticed a vault guard
 21330 | D:13     | Noticed a vault guard
 21384 | D:13     | Noticed a vault guard
 21385 | D:13     | Noticed a vault guard
 21396 | D:13     | Killed a vault guard
 21405 | D:13     | Killed a vault guard
 21424 | D:13     | Killed a vault guard
 21434 | D:13     | HP: 2/94 [vault guard/dire flail (10)]
 21562 | D:13     | Killed a vault guard
 21562 | D:13     | Reached XP level 13. HP: 36/100 MP: 20/23
 22445 | D:13     | Reached skill level 10 in Invocations
 22445 | D:13     | Reached XP level 14. HP: 107/107 MP: 23/25
 23066 | D:13     | Got a twisted cloak
 23077 | D:13     | Identified the cursed -6 cloak "Exeril" {+Blink rF++} (You found it on level 13 of the Dungeon)
 23173 | D:14     | Reached skill level 1 in Summonings
 23181 | D:14     | HP: 8/160 [centaur[a centaur warrior] (9)]
 23592 | Lair:1   | Learned a level 4 spell: Ice Form
 24749 | Lair:1   | Gained mutation: You are occasionally teleported next to monsters. [evolution]
 24749 | Lair:1   | Lost mutation: You evolve. [end of evolution]
 24888 | Lair:2   | Found a staircase to the Shoals.
 26806 | Lair:2   | Lost mutation: You possess an exceptional clarity of mind. [potion of mutation]
 26806 | Lair:2   | Lost mutation: You are occasionally teleported next to monsters. [potion of mutation]
 26806 | Lair:2   | Gained mutation: You have very sharp teeth. [potion of mutation]
 29480 | Lair:4   | Noticed Snorg
 29523 | Lair:4   | Killed Snorg
 30292 | Lair:4   | Reached skill level 10 in Evocations
 30296 | Lair:4   | Reached skill level 10 in Stealth
 30607 | Lair:4   | Found a staircase to the Snake Pit.
 30805 | Lair:4   | Reached skill level 1 in Hexes
 31042 | Lair:5   | Found a staircase to the Slime Pits.
 31252 | Lair:5   | HP: 5/135 [death yak (9)]
 31254 | Lair:5   | Mangled by a death yak

Vault maps used:
D:1:      evilmike_arrival_rings
D:2:      grunt_decor_arrowhead
D:3:      uniq_natasha
D:4:      portal_sewer_entry_a
D:5:      bloody_trog, first_ration
D:6:      temple_pool_b, serial_shops, shop, corexii_hall_statues_l,
          minmay_guarded_unrand_staff_of_olgreb
D:7:      the_bakery, hangedman_decor_clover_reticule
D:8:      serial_shops, shop_fountains, st_stairs_7
D:9:      special_room
D:10:     david_orc_3, enter_bailey_2, uniq_erica
D:11:     dpeg_lair_monsters
D:12:     due_unseen_surprise, uniq_erolcha
D:13:     erik_vaults_2
D:14:     corexii_corridor_pit, minmay_misc_feat_roman
Temple:   compressed_dpeg_triangle_lava_temple
Lair:1:   infiniplex_staircase_pool_2
Lair:2:   shoals_dummy_entry, beast_lair_carwin_3, grunt_megastairs_5,
          infiniplex_staircase_pool, serial_bayou_shore_b, lemuel_fruit_fields
Lair:4:   guppyfry_snake_entry_island, uniq_snorg
Lair:5:   wad_woods_04, minmay_slime_entry_pillars, columned_hall_lemuel,
          lemuel_fruit_tree, uniq_urug
Sewer:    kennysheep_sewer_church
Bailey:   bailey_axe_2, bailey

Skill      XL: |  1  2  3  4  5  6  7  8  9 10 11 12 13 14 |
---------------+-------------------------------------------+-----
Dodging        | 2 3 5 |  5.7
Transmutations | 3 4 5 7 8 10 | 10.4
Unarmed Combat | 4 5 6 8 9 10 | 10.7
Invocations    | 5 7 9 10 | 10.1
Fighting       | 5 7 |  7.6
Stealth        | 1 5 7 8 10 | 10.0
Evocations     | 1 5 7 8 10 | 10.0
Spellcasting   | 4 6 7 8 |  8.4
Summonings     | 1 |  1.6
Hexes          | 1 |  1.4

Action                   |  1- 3 |  4- 6 |  7- 9 | 10-12 | 13-15 || total
-------------------------+-------+-------+-------+-------+-------++-------
Melee: Unarmed           |   166 |   152 |   515 |  1088 |   789 ||  2710
       Tailslap          |    18 |     7 |    60 |    77 |    67 ||   229
       Kick              |     5 |     6 |    16 |    19 |       ||    46
       Punch             |       |     4 |    19 |    25 |    30 ||    78
       Headbutt          |       |       |    12 |    16 |       ||    28
       Bite              |       |       |       |       |    34 ||    34
 Cast: Beastly Appendage |     3 |     7 |     9 |     6 |       ||    25
       Spider Form       |       |     2 |     6 |    38 |    15 ||    61
       Ice Form          |       |       |       |       |     6 ||     6
 Abil: Breathe Frost     |       |       |     3 |     6 |     1 ||    10
       End Transformatio |       |       |     1 |       |     1 ||     2
Evoke: Wand              |       |       |       |    16 |     2 ||    18
  Use: Scroll            |       |    10 |     6 |    14 |    10 ||    40
       Potion            |       |     2 |     9 |     6 |     8 ||    25
 Stab: Sleeping          |       |     1 |       |    12 |    23 ||    36
       Paralysed         |       |       |       |    27 |     7 ||    34
       Distracted        |       |       |       |     2 |     1 ||     3
  Eat: Ration            |     1 |     1 |     3 |     9 |     8 ||    22
       Chunk             |       |     1 |    11 |    15 |     8 ||    35
Armor: Skin              |    56 |    55 |   182 |   128 |   111 ||   532
Dodge: Dodged            |   101 |    60 |   328 |   994 |   725 ||  2208

Table legend:
 A = Spawn XP
 B = Non-spawn XP
 C = Spawn XP percentage of total XP
 D = Spawn monster count
 E = Non-spawn monster count
 F = Spawn count percentage of total count
 G = Total turns spent on level
                    A         B        C        D         E        F      G
               +---------+---------+-------+---------+---------+-------+---------
         Total |       0 |   66282 |   0.0 |       0 |     543 |   0.0 | 31254
               +---------+---------+-------+---------+---------+-------+---------
           D:1 |       0 |      50 |   0.0 |       0 |      26 |   0.0 |  1192
           D:2 |       0 |      77 |   0.0 |       0 |      15 |   0.0 |  1170
           D:3 |       0 |     409 |   0.0 |       0 |      29 |   0.0 |   874
           D:4 |       0 |    1067 |   0.0 |       0 |      23 |   0.0 |   928
           D:5 |       0 |     578 |   0.0 |       0 |      22 |   0.0 |  1132
           D:6 |       0 |    2421 |   0.0 |       0 |      33 |   0.0 |  1321
           D:7 |       0 |     664 |   0.0 |       0 |      12 |   0.0 |  1169
           D:8 |       0 |    2271 |   0.0 |       0 |      12 |   0.0 |  1228
           D:9 |       0 |    5203 |   0.0 |       0 |      62 |   0.0 |  2618
          D:10 |       0 |    2711 |   0.0 |       0 |      21 |   0.0 |   929
          D:11 |       0 |    6188 |   0.0 |       0 |      38 |   0.0 |  2540
          D:12 |       0 |    7239 |   0.0 |       0 |      46 |   0.0 |  2814
          D:13 |       0 |   11395 |   0.0 |       0 |      28 |   0.0 |  2789
          D:14 |       0 |    2245 |   0.0 |       0 |       6 |   0.0 |   431
        Lair:1 |       0 |    5058 |   0.0 |       0 |      29 |   0.0 |  1338
        Lair:2 |       0 |    6594 |   0.0 |       0 |      32 |   0.0 |  2971
        Lair:3 |       0 |    3419 |   0.0 |       0 |      12 |   0.0 |  1980
        Lair:4 |       0 |    5354 |   0.0 |       0 |      21 |   0.0 |  1200
        Lair:5 |       0 |    1746 |   0.0 |       0 |       8 |   0.0 |   215
         Sewer |       0 |     780 |   0.0 |       0 |      34 |   0.0 |  1365
        Bailey |       0 |     813 |   0.0 |       0 |      34 |   0.0 |   826
               +---------+---------+-------+---------+---------+-------+---------
